 Dungeon Crawl Stone Soup version 0.28.0-53-g5a82cb258f (webtiles) character file.

Game seed: 1884385074140779862

32 Zeld the Conjurer (level 3, -2/19 HPs)
             Began as a Deep Elf Conjurer on May 24, 2022.
             Slain by a goblin
             ... wielding a +0 club
             ... led by Robin
              (6 damage)
             ... on level 2 of the Dungeon.
             The game lasted 00:01:50 (1698 turns).

Zeld the Conjurer (Deep Elf Conjurer)               Turns: 1698, Time: 00:01:51

Health: -2/19      AC:  2    Str:  4    XL:     3   Next: 8%
Magic:  7/9        EV: 12    Int: 24    God:
Gold:   39         SH:  0    Dex: 13    Spells: 5/8 levels left

rFire   . . .      SeeInvis .   (no weapon)
rCold   . . .      Faith    .   (no shield)
rNeg    . . .      Spirit   .   a - +0 robe
rPois   .          Reflect  .   (no helmet)
rElec   .          Harm     .   (no cloak)
rCorr   .          Rampage  .   (no gloves)
Will    .....                   (no boots)
Stlth   ++........              (no amulet)
HPRegen 0.06/turn               (no ring)
MPRegen 0.11/turn               (no ring)

@: no status effects
A: no striking features
a: no special abilities


You were on level 2 of the Dungeon.
You visited 1 branch of the dungeon, and saw 2 of its levels.

You collected 39 gold pieces.

Inventory:

Armour
 a - a +0 robe (worn)
Scrolls
 b - 3 scrolls of noise {unknown}
 c - a scroll of teleportation {unknown}
 g - a scroll of enchant armour {unknown}
Potions
 d - a potion of flight {unknown}
 e - a potion of brilliance {unknown}
 f - a potion of invisibility {unknown}


   Skills:
 - Level 2.4 Dodging
 - Level 2.4 Stealth
 + Level 3.4 Spellcasting
 + Level 4.6 Conjurations
 * Level 1.9 Hexes
 * Level 1.5 Translocations


You had 5 spell levels left.
You knew the following spells:

 Your Spells              Type           Power      Damage    Failure   Level
a - Magic Dart            Conj           100%       1d8       1%          1
b - Searing Ray           Conj           52%        2d6       2%          2

Your spell library contained the following spells:

 Spells                   Type           Power      Damage    Failure   Level
 Dazzling Flash           Conj/Hex       38%        N/A       9%          3
 Fulminant Prism          Conj/Hex       9%         3d7       26%         4
 Iskenderun's Mystic Bla  Conj/Tloc      18%        2d6       28%         4


Dungeon Overview and Level Annotations

Branches:
Dungeon (2/15)

Altars:

Annotations:
D:2 Robin


Message History

6 goblins come into view.
A goblin is wielding a +2 dagger of venom.
A hobgoblin and 2 goblins come into view.
The goblin shouts! x5
Robin of the Strong Arm comes into view.
They are wielding a +0 spear.
You hear a shout!
Unknown command.
Casting: Magic Dart (safe; 1% risk of failure)
Confirm with . or Enter, or press ? or * to list all spells.
Aiming: Magic Dart (safe; 1% risk of failure)
Press: ? - help, Shift-Dir - straight line, f - goblin
Aim: a goblin, wielding a +0 dagger (100% to hit)
Okay, then.
Found a stone staircase leading down.
Robin shouts!
The goblin shouts! x2
Robin throws the goblin at you!
You closely miss the goblin.
The goblin shouts!
The goblin barely misses you. Robin throws the goblin at you!
You barely miss the goblin.
A kobold comes into view. It is wielding a +0 dagger.
The goblin closely misses you.
Robin roars a battlecry!
The goblins go into a battle-frenzy!
The goblin hits you with a +0 dagger.
Casting: Magic Dart (safe; 1% risk of failure)
Confirm with . or Enter, or press ? or * to list all spells.
Aiming: Searing Ray (safe; 2% risk of failure)
Press: ? - help, Shift-Dir - straight line The searing ray hits the goblin!
You kill the goblin! (Press . to maintain the ray.)
The goblin hits you with a +0 dagger.
A goblin comes into view. It is wielding a +0 club.
The goblin hits you with a +0 dagger. The goblin hits you with a +0 dagger.
* * * LOW HITPOINT WARNING * * *
Robin throws the goblin at you! The goblin misses you.
The goblin hits you with a +0 club.
You die... ...........# #. .. ############ #.##.## ♣♣♣♣♣♣♣♣ g.... . ♣♣.8_8..♣♣ ggg. .. ♣♣♣........♣♣ #Kg

.. #♣..♣♣...♣...♣ #g# .#
#.♣♣♣♣.⌠.♣♣♣.♣##.##..##>
).# ♣...♣ ♣♣.)ggg......
.##♣ ♣.♣.♣ ####@####...
...♣ .♣♣.. #...g# ##.♣.♣
♣♣.♣.....## # .♣.
.♣##.#. # . .♣ #.#. #♣ #
#. #. ..


You could see Robin, a hobgoblin (strong), 8 goblins and a kobold.

Vanquished Creatures
  2 ball pythons (D:1)
  A bat (D:1)
  3 endoplasms
  3 giant cockroaches (D:1)
  4 goblins
  5 hobgoblins
  2 jackals (D:1)
  3 kobolds (D:1)
  2 rats (D:1)
25 creatures vanquished.

Notes
Turn   | Place    | Note
-------+----------+-------------------------------------------
     0 | D:1      | Zeld the Deep Elf Conjurer began the quest for the Orb.
     0 | D:1      | Reached XP level 1. HP: 10/10 MP: 6/6
   255 | D:1      | Reached skill level 1 in Hexes
   322 | D:1      | Reached XP level 2. HP: 15/15 MP: 1/8
   390 | D:1      | Learned a level 2 spell: Searing Ray
   424 | D:1      | Reached skill level 1 in Translocations
  1455 | D:2      | Reached XP level 3. HP: 19/19 MP: 0/9
  1673 | D:2      | Found a faded altar of an unknown god.
  1693 | D:2      | Noticed Robin
  1698 | D:2      | Slain by a goblin

Illustrated notes

Levels and vault maps discovered:
D:1:      dpeg_arrival_morbid_curiosity, layout_basic, minmay_misc_feat_five
D:2:      layout_loops_cross, shapermc_ecumenical_altar_totnotflames,
          minmay_misc_feat_pillars, uniq_sigmund, uniq_robin

Skill      XL: |  1  2 |
---------------+-------+-----
Hexes          | 1 |  1.9
Translocations | 1 |  1.5
Dodging        | |  2.4
Stealth        | |  2.4
Spellcasting   | |  3.4
Conjurations   | |  4.6

Action                   || total
-------------------------++-------
Melee: Unarmed           ||     8
       Punch             ||     1
 Cast: Magic Dart        ||    37
       Searing Ray       ||     5
Armor: Robe              ||     3
Dodge: Dodged            ||    11
